 Dungeon Crawl Stone Soup version 0.28-a0-724-g66f9036eb4 (webtiles) character file.

Game seed: 10386741050933431354

1120 KoroneIsBestGirl the Ducker (level 8, -12/96 HPs)
             Began as a Minotaur Ice Elementalist on Oct 26, 2021.
             Mangled by an orc warrior (17 damage)
             ... on level 6 of the Dungeon.
             The game lasted 00:10:47 (10850 turns).

KoroneIsBestGirl the Ducker (MiIE)                 Turns: 10850, Time: 00:10:47

Health: -12/96     AC: 24    Str: 13    XL:     8   Next: 12%
Magic:  12/12      EV:  2    Int: 14    God:
Gold:   222        SH:  0    Dex: 11    Spells: 10/14 levels left

rFire   x . .      SeeInvis .   i - +0 dagger (vorpal)
rCold   + . .      Faith    .   (no shield)
rNeg    . . .      Spirit   .   (armour currently unavailable)
rPois   +          Reflect  .   (helmet unavailable)
rElec   .          Harm     .   (cloak currently unavailable)
rCorr   .          Rampage  .   (gloves currently unavailable)
Will    .....      Clarity  +   (boots currently unavailable)
Stlth   ++........ NoTele   +   (no amulet)
HPRegen 0.26/turn               f - ring of ice
MPRegen 0.13/turn               (no ring)

@: tree-form
A: stationary, stasis, torment immunity, boosted hp, (horns 3), (retaliatory
headbutt), clarity, (deformed body), robust 1
a: no special abilities


You were on level 6 of the Dungeon.
You were a tree.
You visited 1 branch of the dungeon, and saw 6 of its levels.

You collected 222 gold pieces.

Inventory:

Hand Weapons
 b - a +0 dagger
 i - a +0 vorpal dagger (weapon)
Armour
 a - a +0 robe
 s - the +0 chain mail "Derghonargh" (melded) {Fly rF+ Str+3}
   (You found it on level 4 of the Dungeon)

   Str:       It affects your strength (+3).
   rF:        It protects you from fire.
   Fly:       It grants you flight.
Jewellery
 f - a ring of ice (left branch)
 p - an amulet of faith
Wands
 k - a wand of digging (6)
 n - a wand of acid (6)
Scrolls
 d - 3 scrolls of noise
 l - a scroll of silence
Potions
 e - a potion of lignification
 h - a potion of degeneration
 m - a potion of magic


   Skills:
 + Level 1.4 Fighting
 * Level 2.4 Armour
 + Level 6.1 Dodging
 - Level 1.5 Stealth
 + Level 3.9 Spellcasting
 + Level 5.0 Ice Magic


You had 10 spell levels left.
You knew the following spells:

 Your Spells              Type           Power      Damage    Failure   Level
a - Freeze                Ice            100%       1d11      2%          1
b - Frozen Ramparts       Ice            50%        1d7       8%          3

Your spell library contained the following spells:

 Spells                   Type           Power      Damage    Failure   Level
 Ozocubu's Armour         Ice            25%        N/A       8%          3
 Slow                     Hex            2%         N/A       30%         2
 Confusing Touch          Hex            2%         N/A       52%         3
 Gell's Gravitas          Tloc           1%         N/A       52%         3
 Lesser Beckoning         Tloc           2%         N/A       52%         3
 Teleport Other           Tloc           2%         N/A       52%         3
 Vampiric Draining        Necr           1%         2d6       52%         3
 Hailstorm                Conj/Ice       14%        3d5       56%         4


Dungeon Overview and Level Annotations

Branches:
Dungeon (6/15)
 Temple: D:4-7

Altars:
Elyvilon

Annotations:
D:5 Pikel


Innate Abilities, Weirdness & Mutations

You are a tree.
Your roots penetrate the ground, keeping you stationary.
You cannot be teleported.
You are immune to unholy pain and torment.
Your maximum health is greatly increased.
Your equipment is partially melded.
((You have a pair of large horns on your head.))
((You reflexively headbutt those who attack you in melee.))
You possess an exceptional clarity of mind.
((Armour fits poorly on your strangely shaped body.))
You are robust. (+10% HP)


Message History

You cannot move.
Okay, then.
As you read the scroll labelled OTUNOSKEEC, it crumbles to dust.
It is a scroll of brand weapon.
Your +0 dagger of protection emits a brilliant flash of light!
i - a +0 vorpal dagger (weapon)
Something hits you but does no damage. The orc warrior barely misses you.
You closely miss the orc warrior.
The orc warrior is heavily wounded.
Something hits you but does no damage.
The orc warrior hits you but does no damage.
You hit the orc warrior but do no damage.
The orc warrior is heavily wounded.
Something hits you.
* * * LOW HITPOINT WARNING * * *
The orc warrior hits you but does no damage.
You hit the orc warrior.
The orc warrior is severely wounded.
Something hits you but does no damage.
The orc warrior hits you but does no damage.
You hit the orc warrior.
The orc warrior is severely wounded.
Something hits you but does no damage.
The orc warrior hits you but does no damage.
You barely miss the orc warrior.
The orc warrior is severely wounded.
Something hits you but does no damage.
The orc warrior hits you with a +0 battleaxe.
* * * LOW HITPOINT WARNING * * *
You hit the orc warrior.
The orc warrior is almost dead.
Something hits you.
* * * LOW HITPOINT WARNING * * *
The orc warrior hits you with a +0 battleaxe.
* * * LOW HITPOINT WARNING * * *
You hit the orc warrior but do no damage.
The orc warrior is almost dead.
Something hits you but does no damage.
The orc warrior hits you with a +0 battleaxe!
You die...

...........#
###.......##.#
#.'........#.#
#.#........#.#
#.#........#.#
#)#........#.#
#.###'#....#)# #.#
#.#....#.##### #♣#
#.#........... #o{o#
#....#.#.####.
#.########.#.#.# #.
#.#........#.#.# #. #
#..........#.####.
############.#....
..#.###
#################.#..
#............# #.#.#


You could see an orc warrior and an orc.

Vanquished Creatures
  2 black bears
  2 lemures (D:5)
  A phantom (D:4)
  Blork the orc (D:6)
  A bullfrog (D:5)
  A wyvern skeleton (D:3)
  3 wights (D:3)
  4 hounds
  A bullfrog skeleton (D:4)
  5 iguanas (D:4)
  Natasha (thrice) (D:1)
  2 hound skeletons (D:4)
  Robin (D:2)
  7 adders
  3 adder skeletons (D:4)
  4 worms
  A dart slug (D:1)
  6 orcs
  7 endoplasms
  3 giant cockroaches
  14 goblins
  12 hobgoblins
  4 quokkas
  6 ball pythons
  9 bats
  3 frilled lizards (D:1)
  9 kobolds
  3 rats
118 creatures vanquished.

Notes
Turn   | Place    | Note
-------+----------+-------------------------------------------
     0 | D:1      | KoroneIsBestGirl the Minotaur Ice Elementalist began the
                  | quest for the Orb.
     0 | D:1      | Reached XP level 1. HP: 14/14 MP: 1/1
   502 | D:1      | Reached XP level 2. HP: 17/20 MP: 0/3
  1429 | D:2      | Noticed Robin
  1442 | D:2      | Reached XP level 3. HP: 21/26 MP: 2/4
  1463 | D:1      | Learned a level 3 spell: Frozen Ramparts
  1540 | D:2      | Noticed Natasha
  1759 | D:1      | Killed Natasha
  1760 | D:1      | Reached skill level 3 in Dodging
  2196 | D:1      | Noticed Natasha
  2206 | D:2      | Killed Robin
  2207 | D:2      | Reached XP level 4. HP: 17/33 MP: 0/6
  2327 | D:1      | Killed Natasha
  2343 | D:1      | Noticed Natasha
  2751 | D:1      | Killed Natasha
  3310 | D:2      | Reached XP level 5. HP: 37/38 MP: 5/7
  3763 | D:3      | You fall into a shaft and drop 3 floors!
  3782 | D:5      | Entered Level 5 of the Dungeon
  3783 | D:5      | Noticed an ogre
  4037 | D:5      | Reached skill level 4 in Dodging
  4455 | D:3      | Gained mutation: Armour fits poorly on your strangely
                  | shaped body. [potion of mutation]
  4455 | D:3      | Gained mutation: You are robust. (+10% HP) [potion of
                  | mutation]
  4455 | D:3      | Gained mutation: You have a pair of large horns on your
                  | head. [potion of mutation]
  4455 | D:3      | Gained mutation: You possess an exceptional clarity of
                  | mind. [potion of mutation]
  4463 | D:3      | Reached XP level 6. HP: 18/49 MP: 1/9
  5227 | D:3      | You fall into a shaft and drop 2 floors!
  5453 | D:3      | Found a faded altar of an unknown god.
  5618 | D:3      | Found a white marble altar of Elyvilon.
  6909 | D:4      | Reached skill level 5 in Dodging
  6909 | D:4      | Reached XP level 7. HP: 50/55 MP: 10/10
  7829 | D:4      | Identified the +0 chain mail "Derghonargh" {Fly rF+ Str+3}
  8475 | D:5      | Reached skill level 1 in Armour
  8475 | D:5      | Reached skill level 6 in Dodging
  9381 | D:6      | Noticed Pikel
  9916 | D:5      | Reached skill level 1 in Fighting
  9916 | D:5      | Reached skill level 5 in Ice Magic
  9916 | D:5      | Reached XP level 8. HP: 46/64 MP: 12/12
 10658 | D:6      | Noticed Blork the orc
 10668 | D:6      | Killed Blork the orc
 10850 | D:6      | Mangled by an orc warrior

Illustrated notes

Levels and vault maps discovered:
D:1:      lightli_arrival_statue_moat, layout_basic, serial_forest,
          infiniplex_forest_clump_curved, infiniplex_forest_clump_curved,
          infiniplex_forest_lined_2, infiniplex_forest_clump_tiny,
          infiniplex_forest_lined_room_2
D:2:      layout_basic, uniq_natasha, uniq_robin
D:3:      layout_basic, lemuel_tele_altar, ebering_ecumenical_altar_hall,
          st_stairs_9, chequers_serial_rivers_small_a
D:4:      minmay_octagon_keep, layout_layer_cave
D:5:      layout_basic
D:6:      layout_basic, minmay_temple_entry_enclosed_plants,
          kennysheep_cluttered_room, uniq_maggie, uniq_blork_the_orc, uniq_pikel

Skill      XL: |  1  2  3  4  5  6  7 |
---------------+----------------------+-----
Ice Magic      | 3 4 5 |  5.0
Dodging        | 3 4 5 6 |  6.1
Spellcasting   | 2 3 |  3.9
Armour         | 2 |  2.4
Fighting       | 1 |  1.4
Stealth        | |  1.5

Action                   |  1- 3 |  4- 6 |  7- 9 || total
-------------------------+-------+-------+-------++-------
Melee: Unarmed           |    25 |       |       ||    25
       Headbutt          |     6 |    15 |    24 ||    45
       Dagger            |    28 |    59 |   169 ||   256
 Cast: Freeze            |    35 |   102 |    13 ||   150
       Frozen Ramparts   |       |       |     1 ||     1
Evoke: Wand              |       |       |     1 ||     1
  Use: Potion            |       |     3 |     6 ||     9
       Scroll            |       |     4 |     8 ||    12
 Stab: Sleeping          |       |       |     1 ||     1
Armor: Robe              |    18 |    17 |    30 ||    65
       Chain mail        |       |       |    37 ||    37
       Skin              |       |       |    42 ||    42
Dodge: Dodged            |    91 |   101 |    92 ||   284

Table legend: (Time is in decaauts)
 A = Elapsed time spent in this place.
 B = Non-inter-level travel time spent in this place.
 C = Inter-level travel time spent in this place.
 D = Time resting spent in this place.
 E = Time spent auto-exploring this place.
 F = Levels seen in this place.
 G = Mean time per level.
                   A        B        C        D        E       F      G
               +--------+--------+--------+--------+--------+-----+--------+
         Total |  10874 |  10679 |    195 |   4930 |   4596 |   6 | 1812.3 |
       Dungeon |  10874 |  10679 |    195 |   4930 |   4596 |   6 | 1812.3 |
               +--------+--------+--------+--------+--------+-----+--------+

Top non-repeatable levels by time:
     D:3: 2734 daAuts
     D:5: 2685 daAuts
     D:1: 2378 daAuts
     D:2: 1370 daAuts
     D:4: 1262 daAuts
     D:6: 443 daAuts
